AoeStats
← NDF

Arabia

509476463Analyzed
1v1 RM · 5d ago on Sep 26, 2026· 29m 16s· 2 players
Game mode
Random Map
Map size
Tiny (2 player)
Population
200
Speed
Normal
Resources
Standard
Victory
Conquest
Starting age
Dark Age
Ending age
Imperial Age
RankedLock teamsTeams togetherTeam positionsShared explorationLock speedFull tech treeHidden civsTurbo modeCheats
Victory
Defeat
🇦🇷 Teutons · Argentina
571
+18
🇫🇷 Franks · France
614
-18
NDF
3:34 Loom
12:19 Feudal Age
18:52 Castle Age
16:37 Man-at-Arms
17:42 Double-Bit Axe
17:50 Horse Collar
19:15 Stone Mining
20:17 Gold Mining
28:08 Squires
27:54 Arson
noterre
10:40 Feudal Age
12:06 Double-Bit Axe
12:22 Gold Mining
16:26 Wheelbarrow
19:58 Castle Age
19:30 Stone Mining
20:13 Man-at-Arms
21:51 Bow Saw
24:22 Gold Shaft Mining
25:30 Hand Cart
27:04 Scale Barding Armor
Connection lost

Rejoining the realm…

Still unreachable

The connection could not be restored.

Session expired

The server has moved on; the page needs a fresh start.